 Dungeon Crawl Stone Soup version 0.18.1-1-g2f07953 (webtiles) character file.

4036 nikopol the Cleaver (level 10, -1/63 HPs)
             Began as a Hill Orc Berserker on May 6, 2016.
             Was a Priest of Trog.
             Slain by a spatial maelstrom (13 damage)
             ... on level 1 of the Abyss.
             The game lasted 00:28:54 (9528 turns).

nikopol the Cleaver (Hill Orc Berserker)            Turns: 9528, Time: 00:28:54

Health: -1/63      AC: 12    Str: 20 (21) XL:     10   Next: 24%
Magic:  8/8        EV: 12    Int: -2      God:    Trog [***...]
Gold:   435        SH:  4    Dex:  9      Spells: 0 memorised, 9 levels left

rFire  . . .     SeeInvis .     a - +0 hand axe
rCold  . . .     Gourm    +     K - +1 ring mail of the Exiled Moons {rElec Regen+ Int-5}
rNeg   . . .     Faith    .     G - +0 buckler
rPois  .         Spirit   .     i - +0 helmet
rElec  +         Dismiss  .     v - +2 cloak
rCorr  .         Reflect  .     t - +0 pair of gloves (curse)
SustAt .         Harm     .     w - +0 pair of boots
MR     .....     Rnd*Rage +     y - amulet of the gourmand
Stlth  .......... Rnd*Tele +    (no ring)
                                e - ring of teleportation (curse)

@: exhausted, non-regenerating, slowed, lost intelligence, very slow, not
resistant to hostile enchantments, extremely unstealthy
A: berserk 3, blurry vision 3, clumsy 2, deformed body, deterioration 2, dopey
2, frail 3, low mp 2, screaming 2, slow regeneration 3, teleportitis 3, no
device heal 2, subdued magic 2, MP-powered wands
a: Berserk, Trog's Hand, Burn Spellbooks, Renounce Religion


You were on level 1 of the Abyss.
You worshipped Trog.
Trog was most pleased with you.
You were full.

You visited 1 branch of the dungeon, and saw 9 of its levels.
You visited the Abyss 1 time.
You also visited: Ossuary.

You collected 570 gold pieces.
You spent 135 gold pieces at shops.

Inventory:

Hand Weapons
 a - a +0 hand axe (weapon)
Armour
 i - a +0 helmet (worn)
 t - a cursed +0 pair of gloves (worn)
 v - a +2 cloak (worn)
 w - a +0 pair of boots (worn)
 G - a +0 buckler (worn)
 H - a +3 chain mail of cold resistance
 K - the +1 ring mail of the Exiled Moons (worn) {rElec Regen+ Int-5}
   (You found it on level 8 of the Dungeon)

   It affects your intelligence (-5).
   It insulates you from electricity.
   It increases your rate of regeneration.
Jewellery
 e - a cursed ring of teleportation (left hand)
 x - a +1 ring of protection
 y - an amulet of the gourmand (around neck)
 B - an uncursed ring of sustain attributes
Wands
 b - a wand of slowing (21/48)
 z - a wand of disintegration (19/24)
 F - a wand of flame (36/48)
 S - a wand of slowing (19/48)
Scrolls
 j - 2 scrolls of magic mapping {unknown}
 m - 7 scrolls of identify {unknown}
 p - 3 scrolls of amnesia {unknown}
 q - 2 scrolls of immolation {unknown}
 s - 3 scrolls of noise {unknown}
 u - 7 scrolls of remove curse {unknown}
 E - a scroll of random uselessness {unknown}
 J - a scroll of enchant weapon {unknown}
 M - a scroll of enchant armour {unknown}
 N - 2 scrolls of teleportation {unknown}
 O - 2 scrolls of fear {unknown}
 P - a scroll of blinking {unknown}
 Q - a scroll of holy word {unknown}
 T - a scroll of fog {unknown}
Potions
 d - 2 potions of cancellation {unknown}
 g - 8 potions of curing {unknown}
 l - a potion of heal wounds {unknown}
 o - 2 potions of brilliance {unknown}
 r - 4 potions of cure mutation {unknown}
 A - 2 potions of ambrosia {unknown}
 C - a potion of berserk rage {unknown}
 D - 2 potions of flight {unknown}
 L - a potion of mutation {unknown}
Comestibles
 c - 7 bread rations
 f - 8 meat rations
 h - 8 fruits
 k - 2 slices of pizza
 I - a royal jelly


   Skills:
 + Level 8.6 Fighting
 * Level 10.4 Axes
 + Level 2.9 Throwing
 + Level 7.3 Armour
 + Level 5.5 Dodging
 + Level 4.4 Shields


You had 9 spell levels left.
You didn't know any spells.

Dungeon Overview and Level Annotations

Branches:
Dungeon (9/15)             Temple (0/1) D:7             Orc (0/2) D:9
   Lair: D:8-11

Altars:
Cheibriados
Elyvilon
Fedhas
Kikubaaqudgha
Makhleb
Okawaru
Pakellas
Qazlal
Ru
Sif Muna
Trog
Vehumet
Xom
Yredelemnul

Shops:
D:5 [   D:8 }


Innate Abilities, Weirdness & Mutations

[You have an uncontrollable temper.]
[Scrolls take you much longer to read.]
[You are very clumsy. (Dex -4)]
[Armour fits poorly on your strangely shaped body.]
[Your body often deteriorates upon taking damage.]
[You are very dopey. (Int -4)]
[You are extremely frail (-30% HP).]
[Your magical capacity is very low (-20% MP).]
[You sometimes yell uncontrollably at your foes.]
[You do not regenerate naturally.]
[You are often teleported next to monsters.]
[Potions and wands are poor at restoring your health.]
[Your spells are easier to cast, but less powerful.]
[You expend magic power (3 MP) to strengthen your wands.]


Message History

You closely miss the wretched star.
The wretched star is lightly damaged.
A small abomination and a spatial maelstrom come into view.
You hit the wretched star.
The wretched star is severely damaged.
You hit the wretched star but do no damage.
The wretched star is lightly damaged.
A spatial vortex comes into view.
You closely miss the wretched star.
The wretched star is severely damaged.
You hit the wretched star.
The wretched star is lightly damaged.
You closely miss the wretched star.
The wretched star is severely damaged.
You hit the wretched star but do no damage.
The wretched star is lightly damaged.
You hit the spatial maelstrom.
The spatial maelstrom is lightly damaged.
The spatial maelstrom hits you!
You die...

. .. # .. #. . . . ..
.. .# ##.# #. .... #
###. ... ... ##.
##...#..# .. #..
#§..v.#.##.##...
...#....#.*#.......
....(..(....*@.(..(...
. .#.#..v.......# # ..
# #...X#x......# #
###..#....>.. #. . #
#..#.. #....... #.. .
#≈#.#....... .
#≈#≈.........# . . .
≈≈.≈≈ ....... . ≈ # ..


You could see a spatial maelstrom, 2 wretched stars, a spatial vortex, a large
abomination and a small abomination.

Vanquished Creatures
  Pikel (D:6)
  The ghost of skk the Ducker, a novice DsGl (D:5)
  A raiju (Abyss:1)
  Menkaure (D:4)
  A neqoxec (Abyss:1)
  A water moccasin (D:8)
  A small abomination (Abyss:1)
  3 slaves (D:6)
  An orc warrior (D:8)
  2 ice beasts (D:5)
  2 centaurs
  3 ogres
  A big kobold (D:8)
  A giant frog (D:8)
  2 scorpions
  3 giant frog zombies
  8 hounds
  3 jellies (D:5)
  6 orc wizards
  5 orc priests
  Crazy Yiuf (D:4)
  A centaur skeleton (D:6)
  Natasha (twice) (D:4)
  2 iguanas (D:5)
  12 worker ants
  A killer bee zombie (D:7)
  12 mummies (Ossuary)
  A hound skeleton (D:3)
  A howler monkey zombie (D:9)
  Robin (D:2)
  6 gnolls (D:6)
  A howler monkey skeleton (D:4)
  6 adders
  3 shadow imps
  3 oozes
  An adder zombie (D:5)
  2 worms (D:4)
  2 dart slugs
  4 giant geckos
  36 orcs
  6 bats
  5 giant cockroaches
  13 goblins
  5 hobgoblins
  8 jackals
  2 quokkas
  3 ball pythons
  A giant gecko skeleton (D:8)
  2 giant newts
  4 gnoll skeletons (Ossuary)
  A goblin skeleton (Ossuary)
  18 kobolds
  2 kobold skeletons (Ossuary)
  An orc skeleton (Ossuary)
  7 rats
  11 rat skeletons (Ossuary)
234 creatures vanquished.

Vanquished Creatures (others)
  A raiju (Abyss:1)
  A giant gecko zombie (D:7)
  A withered plant (D:8)
3 creatures vanquished.

Grand Total: 237 creatures vanquished

Notes
Turn   | Place    | Note
--------------------------------------------------------------
     0 | D:1      | nikopol the Hill Orc Berserker began the quest for the Orb.
     0 | D:1      | Reached XP level 1. HP: 19/19 MP: 1/1
   212 | D:1      | Reached XP level 2. HP: 18/27 MP: 2/2
   856 | D:1      | Reached XP level 3. HP: 33/33 MP: 3/3
   964 | D:2      | Noticed Robin
   972 | D:2      | Reached ** piety under Trog
   976 | D:2      | Killed Robin
  1153 | D:2      | Reached XP level 4. HP: 41/41 MP: 4/4
  1176 | D:2      | Found a snail-covered altar of Cheibriados.
  1534 | D:3      | Found a sacrificial altar of Ru.
  1661 | D:3      | Found a bloodstained altar of Trog.
  1661 | D:3      | Found a shimmering altar of Xom.
  1815 | D:3      | Reached XP level 5. HP: 43/47 MP: 5/5
  1819 | D:3      | Reached skill level 5 in Axes
  1997 | D:3      | Found a radiant altar of Vehumet.
  2132 | D:3      | Reached *** piety under Trog
  2144 | D:3      | Reached skill level 5 in Fighting
  2191 | D:3      | Found an oddly glowing altar of Pakellas.
  2202 | D:3      | Reached XP level 6. HP: 52/56 MP: 6/6
  2663 | D:4      | Noticed Menkaure
  2674 | D:4      | Killed Menkaure
  2674 | D:4      | Reached XP level 7. HP: 32/62 MP: 7/7
  2833 | D:3      | Reached skill level 6 in Axes
  3074 | D:4      | Noticed Natasha
  3087 | D:4      | Killed Natasha
  3547 | D:4      | Reached skill level 5 in Armour
  3721 | D:4      | Reached **** piety under Trog
  3820 | D:4      | Noticed Crazy Yiuf
  3931 | D:4      | Killed Crazy Yiuf
  3936 | D:4      | Noticed Natasha
  3949 | D:4      | Killed Natasha
  4118 | D:5      | Entered Level 5 of the Dungeon
  4129 | D:5      | Noticed skk's ghost (novice DsGl)
  4136 | D:5      | Reached XP level 8. HP: 71/71 MP: 8/8
  4144 | D:5      | Killed skk's ghost
  4144 | D:5      | Reached skill level 7 in Axes
  4454 | D:5      | Found Batixzuro's Antique Armour Shoppe.
  4473 | D:5      | Bought a glowing chain mail for 135 gold pieces
  4827 | D:5      | Reached skill level 8 in Axes
  5034 | D:5      | Found a basalt altar of Yredelemnul.
  5137 | D:5      | Found a burning altar of Makhleb.
  5156 | D:5      | Reached skill level 1 in Shields
  5278 | D:6      | Received a gift from Trog
  5281 | D:6      | Reached skill level 1 in Throwing
  5294 | D:6      | Reached XP level 9. HP: 53/79 MP: 9/9
  6037 | D:6      | You fall through a shaft for 3 floors!
  6077 | D:9      | Found an iron altar of Okawaru.
  6119 | D:9      | Found a staircase to the Orcish Mines.
  6140 | D:8      | Got a diamond-studded ring mail
  6227 | D:7      | Found a snail-covered altar of Cheibriados.
  6239 | D:7      | Found a sand-covered staircase.
  6245 | Ossuary  | Entered an ossuary
  6940 | D:7      | Found a stormy altar of Qazlal.
  6954 | D:7      | Found a blossoming altar of Fedhas.
  7137 | D:7      | Found a white marble altar of Elyvilon.
  7596 | D:6      | Reached skill level 9 in Axes
  7750 | D:6      | Noticed Pikel
  7750 | D:6      | Found an iron altar of Okawaru.
  7792 | D:6      | Paralysed by Pikel for 5 turns
  7799 | D:6      | Paralysed by Pikel for 3 turns
  7830 | D:6      | Killed Pikel
  7830 | D:6      | Reached skill level 5 in Dodging
  8087 | D:6      | Identified the +1 ring mail of the Exiled Moons {rElec Regen+ Int-5} (You found it on level 8 of the Dungeon)
  8423 | D:7      | Found a staircase to the Ecumenical Temple.
  8902 | D:8      | Found a deep blue altar of Sif Muna.
  8925 | D:8      | Reached skill level 10 in Axes
  8933 | D:8      | Reached XP level 10. HP: 59/89 MP: 10/10
  9094 | D:8      | Found Kehureti's Gadget Shop.
  9267 | D:8      | Found an ancient bone altar of Kikubaaqudgha.
  9295 | D:8      | Cast into level 1 of the Abyss (kobold)
  9295 | Abyss:1  | Found a corrupted altar of Lugonu.
  9295 | Abyss:1  | Found an oddly glowing altar of Pakellas.
  9498 | Abyss:1  | Noticed a wretched star
  9498 | Abyss:1  | Lost intelligence.
  9521 | Abyss:1  | Noticed a wretched star
  9524 | Abyss:1  | Noticed a large abomination
  9526 | Abyss:1  | Noticed a spatial maelstrom
  9528 | Abyss:1  | Slain by a spatial maelstrom

Skill      XL: |  1  2  3  4  5  6  7  8  9 |
---------------+----------------------------+-----
Fighting       | 4 5 6 7 8 |  8.6
Dodging        | 2 3 4 5 |  5.5
Armour         | 3 4 5 6 7 |  7.3
Axes           | 5 6 8 10 | 10.4
Shields        | 1 4 |  4.4
Throwing       | 1 2 |  2.9

Action                   |  1- 3 |  4- 6 |  7- 9 | 10-12 || total
-------------------------+-------+-------+-------+-------++-------
Melee: Hand axe          |    97 |   194 |   785 |   147 ||  1223
Throw: Tomahawk          |       |       |    20 |     6 ||    26
Invok: Berserk           |     1 |     3 |     5 |     2 ||    11
       Trog's Hand       |       |       |     1 |       ||     1
  Eat: Chunk             |     2 |     6 |    30 |     4 ||    42
       Beef jerky        |       |     1 |     1 |       ||     2
       Royal jelly       |       |       |     1 |       ||     1
Armor: Ring mail         |    37 |    62 |   256 |    51 ||   406
Dodge: Dodged            |    47 |   103 |   399 |    64 ||   613
Block: Buckler           |       |       |    75 |    20 ||    95
